 Dungeon Crawl Stone Soup version 0.31-a0-844-gdc52ec4e09 (webtiles) character file.

Game seed: 16146848102907635905

143677 Flugkiller the Spear-Bearer (level 16, -1/124 HPs)
             Began as a Mummy Reaver on Sept 29, 2023.
             Was a Follower of Uskayaw.
             Slain by an emperor scorpion (9 damage)
             ... on level 2 of the Spider Nest.
             The game lasted 02:01:10 (35349 turns).

Flugkiller the Spear-Bearer (Mummy Reaver)         Turns: 35349, Time: 02:01:11

Health: -1/124     AC: 28    Str: 23 (24) XL:     16   Next: 83%
Magic:  4/32       EV:  9    Int: 19      God:    Uskayaw [*.....]
Gold:   2402       SH:  5    Dex: 11      Spells: 14/39 levels left

rFire   . . .        w - +6 glaive of Lust {protect, rN+ Int+2}
rCold   + . .        (shield currently unavailable)
rNeg    + + +        G - +4 chain mail of the Kappa {rElec}
rPois   ∞            H - +2 helmet
rElec   +            D - +2 cloak
rCorr   .            h - +2 pair of gloves
SInv    .            f - +2 pair of boots
Will    ++...        e - amulet of reflection Stlth
                     p - ring of protection from fire
HPRegen 0.40/turn    a - +6 ring of strength
MPRegen 0.23/turn

%: reflection, faith
@: about to teleport, very slightly contaminated
A: cold resistance 1, negative energy resistance 3, torment resistance 2, heat
vulnerability 1, in touch with death 2, no potions, faith
a: Renounce Religion, Stomp


You were on level 2 of the Spider Nest.
You worshipped Uskayaw.
Uskayaw was aware of your devotion.
You visited 5 branches of the dungeon, and saw 25 of its levels.

You collected 3395 gold pieces.
You spent 993 gold pieces at shops.

Inventory:

Hand Weapons
 u - a +0 broad axe
   (You found it on level 5 of the Dungeon)
 w - the +6 glaive of Lust (weapon) {protect, rN+ Int+2}
   (You found it on level 5 of the Lair of Beasts)

   Int+2:     It affects your intelligence (+2).
   rN+:       It protects you from negative energy.
 x - a +0 spear of pain
   (You took it off a gnoll sergeant on level 12 of the Dungeon)
 A - a +4 trident of draining
   (You took it off Jeremiah on level 7 of the Dungeon)
Missiles
 i - 23 boomerangs
 E - 5 javelins
 F - 3 curare-tipped darts (quivered)
 J - 3 throwing nets
Armour
 f - a +2 pair of boots (worn)
   (You found it on level 1 of the Dungeon)
 g - a +0 buckler
   (You took it off a tengu warrior on level 12 of the Dungeon)
 h - a +2 pair of gloves (worn)
   (You found it on level 3 of the Lair of Beasts)
 r - a +1 chain mail of fire resistance
   (You took it off an orc warrior on level 1 of the Orcish Mines)
 C - a +0 troll leather armour
   (You found it on level 12 of the Dungeon)
 D - a +2 cloak (worn)
   (You took it off Maurice on level 8 of the Dungeon)
 G - the +4 chain mail of the Kappa (worn) {rElec}
   (You found it on level 1 of the Lair of Beasts)

   rElec:     It insulates you from electricity.
 H - a +2 helmet (worn)
   (You found it on level 5 of the Dungeon)
 L - the +1 leather armour "Uroom" {rPois Regen+ Dex-3}
   (You bought it in a shop on level 7 of the Dungeon)

   Dex-3:     It affects your dexterity (-3).
   rPois:     It protects you from poison Regen+: It increases your rate of
   health regeneration.
Jewellery
 a - a +6 ring of strength (right hand)
   (You found it on level 5 of the Dungeon)
 c - an amulet of the acrobat
   (You found it on level 1 of the Dungeon)
 e - an amulet of reflection (around neck)
   (You found it on level 1 of the Dungeon)
 p - a ring of protection from fire (left hand)
   (You found it on level 4 of the Dungeon)
 M - a ring of wizardry
   (You found it on level 2 of the Spider Nest)
 N - a +6 ring of strength
   (You found it on level 11 of the Dungeon)
Wands
 k - a wand of mindburst (5)
   (You found it on level 12 of the Dungeon)
 n - a wand of roots (5)
   (You found it on level 5 of the Lair of Beasts)
 s - a wand of flame (22)
   (You found it on level 6 of the Dungeon)
 v - a wand of charming (16)
   (You found it on level 6 of the Dungeon)
 K - a wand of acid (7)
   (You found it on level 9 of the Dungeon)
 P - a wand of polymorph (6)
   (You took it off a deep elf pyromancer on level 12 of the Dungeon)
Scrolls
 b - a scroll of enchant weapon
 d - 4 scrolls of amnesia
 l - 2 scrolls of vulnerability
 m - a scroll of fog
 o - 2 scrolls of silence
 q - 6 scrolls of immolation
 z - a scroll of poison
 B - 2 scrolls of revelation
 I - 4 scrolls of brand weapon
Miscellaneous
 j - a phial of floods (inert)
   (You found it on level 12 of the Dungeon)
 y - a sack of spiders
   (You found it on level 5 of the Lair of Beasts)


   Skills:
 + Level 10.9 Fighting
 + Level 12.5 Polearms
 + Level 8.9 Armour
 - Level 1.5 Dodging
 - Level 12.0 Spellcasting
 - Level 5.0 Conjurations
 - Level 5.0 Hexes
 - Level 11.0 Necromancy
 - Level 1.0 Translocations
 - Level 6.2 Ice Magic
 - Level 9.4 Earth Magic
 + Level 9.0 Invocations
 - Level 4.0 Evocations


You had 14 spell levels left.
You knew the following spells:

 Your Spells              Type           Power      Damage    Failure   Level
a - Kiss of Death         Conj/Necr      100%       2d13      1%          1
b - Momentum Strike       Conj/Tloc      44%        3d9       12%         2
c - Hailstorm             Conj/Ice       32%        3d8       9%          3
d - Frozen Ramparts       Ice            70%        1d11      7%          3
e - Borgnjor's Vile Clut  Necr/Erth      42%        N/A       12%         5
f - Leda's Liquefaction   Hex/Erth       19%        N/A       14%         4
g - Simulacrum            Ice/Necr       39%        N/A       77%         6
q - Apportation           Tloc           30%        N/A       19%         1

Your spell library contained the following spells:

 Spells                   Type           Power      Damage    Failure   Level
 Necrotise                Necr           100%       1d9       1%          1
 Sandblast                Erth           94%        2d19      1%          1
 Vampiric Draining        Necr           88%        2d12      1%          3
 Slow                     Hex            100%       N/A       3%          1
 Ensorcelled Hibernation  Hex/Ice        64%        N/A       4%          2
 Stone Arrow              Conj/Erth      76%        3d11      4%          3
 Jinxbite                 Hex            60%        N/A       5%          2
 Passwall                 Tmut/Erth      24%        N/A       6%          2
 Confusing Touch          Hex            30%        N/A       11%         3
 Dazzling Flash           Conj/Hex       60%        N/A       11%         3
 Sigil of Binding         Hex            30%        N/A       11%         3
 Anguish                  Hex/Necr       38%        N/A       11%         4
 Brom's Barrelling Bould  Conj/Erth      38%        2d6       14%         4
 Summon Small Mammal      Summ           44%        N/A       28%         1
 Inner Flame              Hex/Fire       20%        N/A       30%         3
 Cause Fear               Hex            15%        N/A       34%         4
 Fulminant Prism          Conj/Hex       15%        3d10      34%         4
 Petrify                  Tmut/Erth      29%        N/A       38%         4
 Gell's Gravitas          Tloc           15%        N/A       50%         3
 Teleport Other           Tloc           15%        N/A       50%         3
 Volatile Blastmotes      Fire/Tloc      26%        2d12      56%         3
 Metabolic Englaciation   Hex/Ice        16%        N/A       61%         5
 Iskenderun's Mystic Bla  Conj/Tloc      22%        2d6       63%         4
 Flame Wave               Conj/Fire      20%        2d7       69%         4
 Sticky Flame             Conj/Fire      20%        2d4       69%         4
 Fireball                 Conj/Fire      10%        3d6       95%         5
 Silence                  Hex/Air        10%        N/A       95%         5
 Summon Mana Viper        Hex/Summ       20%        N/A       95%         5
 Summon Forest            Summ/Tloc      6%         N/A       99%         5
 Dispersal                Tloc           7%         N/A       100%        6
 Starburst                Conj/Fire      10%        6d5       100%        6
 Summon Cactus Giant      Summ           5%         N/A       100%        6
 Ozocubu's Refrigeration  Ice            17%        4d11      100%        7
 Maxwell's Capacitive Co  Air            5%         ∞         100%        8
 Dragon's Call            Summ           5%         N/A       100%        9
 Polar Vortex             Ice            17%        12d2*     100%        9


Dungeon Overview and Level Annotations

Branches:
Dungeon (15/15) Zot: 24068  Temple (1/1) D:4 Zot: 5941    Lair (5/5) D:10 Zot: 22103
  Swamp (0/4) Lair:2       Spider (2/4) Lair:3 Zot: 7647   Slime (0/5) Lair:5
    Orc (2/2) D:9 Zot: 9204     Elf (0/3) Orc:2        Vaults (0/5) D:13
 Depths (0/4) D:15

Altars:
Ashenzari
Cheibriados
Dithmenos
Fedhas
Gozag
Hepliaklqana
Kikubaaqudgha
Makhleb
Nemelex Xobeh
Okawaru
Qazlal
Ru
Sif Muna
Trog
Uskayaw
Vehumet
Wu Jian
Xom
Yredelemnul
Jiyva

Shops:
D:3 (   D:6 :   D:7 [   D:12 *   D:14 (   Orc:1 *((   Orc:2 **=*(

Annotations:
D:5 UNSEEN HORROR
D:14 1 exclusion
Lair:5 exclusion: 2 oklob plants


Innate Abilities, Weirdness & Mutations

You are immune to poison.
Your flesh is cold resistant. (rC+)
You are immune to negative energy. (rN+++)
You are immune to unholy pain and torment.
You are vulnerable to heat. (rF-)
You are strongly in touch with the powers of death.
You do not drink.
You have a special connection with the divine. (Faith)


Message History

The meliai closely misses the emperor scorpion.
The meliai hits you but does no damage.
The meliai barely misses the emperor scorpion.
Unknown command.
Unknown command.
Okay, then.
Unknown command.
Unknown command.
Okay, then.
Unknown command.
Aiming: Line Pass
Press: ? - help, Dir - move target, p - emperor scorpion The emperor scorpion appears confused.
You can no longer pass through a line of other dancers.
The meliai seems less confused.
Unknown command.
Unknown command.
Unknown command.
Press: ? - help, v - describe, . - travel, g - get item
Here: a meliai, wielding a +0 war axe and wearing a +0 leather armour
Items here: a +0 war axe; a +0 robe.
The floor.
Unknown command.
Casting: Borgnjor's Vile Clutch (dangerous; 12% risk of failure)
Confirm with . or Enter, or press ? or * to list all spells.
Aiming: Borgnjor's Vile Clutch (dangerous; 12% risk of failure)
Press: ? - help, Shift-Dir - straight line, f - emperor scorpion
Aim: an emperor scorpion (confused, 100% to hit)
You feel a strong surge of power!
Zombie hands grab the meliai.
Zombie hands grab the emperor scorpion.
The zombie hands constrict the emperor scorpion.
The zombie hands constrict the meliai.
The meliai barely misses you. The meliai closely misses you.
The emperor scorpion stings the meliai!
The emperor scorpion claws the meliai. x2
The meliai is killed!
Unknown command.
Unknown command.
The zombie hands constrict the emperor scorpion!
The emperor scorpion seems less confused.
The emperor scorpion struggles to escape constriction.
Unknown command.
The zombie hands constrict the emperor scorpion.
The emperor scorpion struggles to escape constriction. x2
Unknown command.
The zombie hands constrict the emperor scorpion!
The emperor scorpion struggles to escape constriction.
The zombie hands constrict the emperor scorpion!
The emperor scorpion escapes!
You can now pass through a line of other dancers.
Things that are here:
a tarantella corpse; a tarantella corpse Your magical contamination has completely faded away.
You can no longer pass through a line of other dancers.
Casting: Borgnjor's Vile Clutch (dangerous; 12% risk of failure)
Confirm with . or Enter, or press ? or * to list all spells.
Aiming: Borgnjor's Vile Clutch (dangerous; 12% risk of failure)
Press: ? - help, Shift-Dir - straight line, f/p - emperor scorpion
Aim: an emperor scorpion (moderately wounded, 100% to hit)
You feel a strong surge of power!
Zombie hands grab the emperor scorpion.
The zombie hands constrict the emperor scorpion, but do no damage.
The emperor scorpion escapes!
Casting: Borgnjor's Vile Clutch (dangerous; 12% risk of failure)
Confirm with . or Enter, or press ? or * to list all spells.
Aiming: Borgnjor's Vile Clutch (dangerous; 12% risk of failure)
Press: ? - help, Shift-Dir - straight line, f/p - emperor scorpion
Aim: an emperor scorpion (moderately wounded, 100% to hit)
You feel a strong surge of power!
You miscast Borgnjor's Vile Clutch.
You are very lightly contaminated with residual magic.
The floor shifts beneath you alarmingly.
Unknown command.
Unknown command.
Unknown command.
Unknown command.
Unknown command.
Aiming: Fastroot
Press: ? - help, Shift-Dir - straight line, f/p - emperor scorpion
Aim: an emperor scorpion (moderately wounded)
The roots erupt in riotous growth!
Roots grab the emperor scorpion.
The grasping roots constrict the emperor scorpion.
The emperor scorpion stings you!!
* * * LOW HITPOINT WARNING * * *
The emperor scorpion claws you but does no damage. x2
The grasping roots constrict the emperor scorpion!
The emperor scorpion escapes!
Unknown command.
Unknown command.
Okay, then.
Unknown command.
Okay, then.
Unknown command.
Okay, then.
As you read the scroll of teleportation, it crumbles to dust.
You feel strangely unstable.
The emperor scorpion stings you but does no damage.
The emperor scorpion claws you but does no damage. x2
The emperor scorpion stings you!
You die...

##...## #......##.###.
##.†## .......# #.#..
#.#.##.......# #....
###.##......## #....
#####.#....### #....
#.....###.# ##...
###....#..## #..##.
#..s......####.. ##
##..@....#..#.... #
#.........##......
##.........#^......
##^.......†...##...####
##..........#.## ...##..
#........###).# #......
#.......####)## #...#..
#.......###.######......
#...[.#.............#...


You could see an emperor scorpion.

Vanquished Creatures
  Saint Roka (Orc:2)
  Arachne (Spider:2)
  Frances (D:14)
  An emperor scorpion (Spider:1)
  A ghost moth (Spider:1)
  An orc warlord (D:12)
  An ironbound preserver (D:13)
  A broodmother (Spider:1)
  Nessos (D:15)
  A minotaur (shapeshifter) (D:14)
  A dire elephant (Lair:2)
  3 entropy weavers (Spider:2)
  6 hydras
  2 catoblepae
  5 jorogumos
  An anaconda (Lair:2)
  3 boulder beetles
  7 centaur warriors
  A ghost crab (Lair:2)
  7 two-headed ogres
  A deep troll shaman (Lair:5)
  8 death yaks
  2 demonic crawlers
  2 tengu warriors
  An orc high priest (Orc:2)
  Nergalle (Orc:2)
  Sonja (Lair:1)
  2 skysharks (Lair:2)
  A deep elf knight (D:14)
  A fire crab (Lair:2)
  4 skeletal warriors (D:15)
  2 pharaoh ants
  9 orb spiders
  2 sun moths
  9 orc knights
  A lindwurm (Lair:5)
  6 deep elf pyromancers
  18 ugly things
  4 orc sorcerers
  A necromancer (D:15)
  4 wolf spiders
  5 manticores
  2 moths of wrath (Spider:2)
  The ghost of AceOff the Sneak, a novice OpSh of Uskayaw (D:5)
  17 elephants
  7 black mambas
  8 cyclopes
  Maurice (D:8)
  A centaur zombie (D:15)
  3 torpor snails
  2 naga magi (D:15)
  12 cane toads
  2 gargoyles
  Jeremiah (D:7)
  The ghost of Tenar the Firebug, a novice DsCA of Ignis (D:5)
  2 unseen horrors
  2 centaur skeletons (D:15)
  3 rime drakes
  5 komodo dragons
  2 kobold demonologists
  A yaktaur (D:12)
  5 efreet
  A tengu conjurer (D:15)
  6 meliai (Spider:2)
  6 trolls
  The ghost of alprk the Chopper, an amateur MiFi (D:5)
  4 polar bears
  Prince Ribbit (D:7)
  23 tarantellas
  13 blink frogs
  4 dream sheep (Lair:5)
  The ghost of AceOff the Insei, an amateur OpSh of Vehumet (D:5)
  24 jumping spiders
  5 slime creatures
  11 culicivoras
  2 vampires
  4 shadows
  40 yaks
  5 wraiths
  A spectral komodo dragon (Lair:2)
  2 wyverns
  5 basilisks
  41 redbacks
  2 vampire mosquitoes (D:12)
  2 spectral cane toads (Lair:2)
  4 acid dragons
  8 wargs
  Duvessa (D:6)
  A spectral polar bear (Lair:2)
  16 water moccasins
  A spectral yak (Lair:2)
  A hornet zombie (D:15)
  27 orc warriors
  2 sky beasts
  5 black bears
  2 ice beasts (D:6)
  A tengu (shapeshifter) (D:15)
  8 ogres
  11 wolves
  13 centaurs
  A phantom (D:6)
  Blork the orc (D:6)
  6 kobold brigands
  A spectral water moccasin (Lair:2)
  3 gnoll sergeants
  9 scorpions
  16 bullfrogs
  9 wights
  Dowan (D:6)
  13 killer bees
  4 electric eels
  6 howler monkeys
  A lava snake (D:11)
  21 orc priests
  5 gnoll boudas
  6 hounds
  6 jellies
  Jessica (D:2)
  A boggart zombie (D:15)
  4 iguanas
  24 orc wizards
  7 hell rats
  41 gnolls
  10 adders
  2 white imps
  An ufetubus (D:5)
  3 worms
  69 orcs
  3 ball pythons
  6 endoplasms
  5 giant cockroaches
  3 goblins
  9 hobgoblins
  4 jackals (D:3)
  42 kobolds
  6 quokkas
  4 bats
  6 frilled lizards
  4 rats
878 creatures vanquished.

Vanquished Creatures (collateral kills)
  A hydra (Lair:2)
1 creature vanquished.

Vanquished Creatures (others)
  A wolf spider (Spider:2)
  A basilisk (D:13)
  An orc wizard (D:7)
3 creatures vanquished.

Grand Total: 882 creatures vanquished

Notes
Turn   | Place    | Note
-------+----------+-------------------------------------------
     0 | D:1      | Flugkiller the Mummy Reaver began the quest for the Orb.
     0 | D:1      | Reached XP level 1. HP: 16/16 MP: 4/4
   242 | D:1      | Reached XP level 2. HP: 22/23 MP: 6/6
   414 | D:1      | Learned a level 2 spell: Momentum Strike
  1129 | D:2      | Reached XP level 3. HP: 24/29 MP: 7/7
  1370 | D:2      | Reached skill level 1 in Translocations
  1419 | D:2      | Reached XP level 4. HP: 24/34 MP: 3/9
  1729 | D:2      | Noticed Jessica
  1761 | D:2      | Killed Jessica
  2099 | D:3      | Reached XP level 5. HP: 40/41 MP: 11/11
  2968 | D:3      | Found Kakh's Antique Weapon Shop.
  3002 | D:3      | Learned a level 3 spell: Hailstorm
  3029 | D:4      | Reached XP level 6. HP: 42/47 MP: 9/12
  3227 | D:4      | Found an iron altar of Okawaru.
  3316 | D:4      | Reached skill level 1 in Ice Magic
  3813 | D:4      | Found a staircase to the Ecumenical Temple.
  3822 | Temple   | Entered the Ecumenical Temple
  3851 | Temple   | Became a worshipper of Uskayaw the Reveller
  3920 | D:4      | Reached * piety under Uskayaw
  3922 | D:4      | Reached ** piety under Uskayaw
  4027 | D:4      | Reached XP level 7. HP: 42/54 MP: 14/14
  4255 | D:5      | Entered Level 5 of the Dungeon
  4260 | D:5      | Found a runed translucent gate.
  4260 | D:5      | Found a runed translucent gate.
  4260 | D:5      | Found a runed translucent gate.
  4261 | D:5      | Noticed AceOff's ghost (amateur OpSh)
  4262 | D:5      | Noticed AceOff's ghost (novice OpSh)
  4262 | D:5      | Noticed alprk's ghost (amateur MiFi)
  4262 | D:5      | Noticed Tenar's ghost (novice DsCA)
  4299 | D:5      | Reached skill level 5 in Spellcasting
  4425 | D:5      | Reached *** piety under Uskayaw
  4429 | D:5      | Reached **** piety under Uskayaw
  4434 | D:5      | Reached ***** piety under Uskayaw
  5493 | D:5      | Reached skill level 5 in Conjurations
  5672 | D:6      | Noticed Blork the orc
  5686 | D:6      | Killed Blork the orc
  5687 | D:6      | Reached skill level 1 in Invocations
  5774 | D:6      | Noticed Dowan
  6051 | D:5      | Reached XP level 8. HP: 60/60 MP: 2/15
  6513 | D:6      | Found Moxu's Book Shop.
  6613 | D:6      | Found a shimmering blue altar of Sif Muna.
  6738 | D:6      | Reached skill level 5 in Fighting
  7444 | D:6      | Found an opulent altar of Gozag.
  7448 | D:6      | Found a sparkling altar of Nemelex Xobeh.
  7615 | D:6      | Reached XP level 9. HP: 66/69 MP: 18/18
  7635 | D:6      | Reached skill level 5 in Polearms
  7640 | D:6      | Reached ****** piety under Uskayaw
  8299 | D:6      | Noticed Duvessa
  8307 | D:6      | Killed Duvessa
  8309 | D:6      | Killed Dowan
  8466 | D:6      | Bought a book of Sloth for 390 gold pieces
  8470 | D:6      | Learned a level 3 spell: Frozen Ramparts
  8489 | D:7      | Found Basaw's Antique Armour Shoppe.
  8973 | D:7      | Reached skill level 5 in Ice Magic
  9025 | D:7      | Noticed Jeremiah
  9159 | D:7      | Killed Jeremiah
  9480 | D:7      | Noticed Prince Ribbit
  9498 | D:7      | Killed Prince Ribbit
  9499 | D:7      | Reached XP level 10. HP: 64/76 MP: 20/20
  9918 | D:8      | Noticed a two-headed ogre
 10216 | D:8      | Noticed Maurice
 10230 | D:8      | Killed Maurice
 10375 | D:8      | Noticed a two-headed ogre
 10402 | D:8      | Killed a two-headed ogre
 10588 | D:8      | Found a sacrificial altar of Ru.
 11156 | D:9      | Found a snail-covered altar of Cheibriados.
 11331 | D:9      | Found a staircase to the Orcish Mines.
 11398 | D:9      | Found an ornate altar of the Wu Jian Council.
 11780 | D:10     | Entered Level 10 of the Dungeon
 11780 | D:10     | Noticed a two-headed ogre
 11780 | D:10     | Found a staircase to the Lair.
 12398 | D:10     | Killed a two-headed ogre
 12542 | D:10     | Reached skill level 10 in Polearms
 12583 | D:10     | Reached skill level 1 in Armour
 12583 | D:10     | Reached XP level 11. HP: 77/81 MP: 17/21
 12733 | D:10     | Noticed a fire crab
 12807 | D:10     | Found a broken altar of Ashenzari.
 12848 | D:10     | Identified a scroll of acquirement
 12951 | D:7      | Bought a smelly leather armour for 161 gold pieces
 12951 | D:7      | Identified the +1 leather armour "Uroom" {rPois Regen+
                  | Dex-3} (You bought it in a shop on level 7 of the Dungeon)
 13031 | Lair:1   | Entered Level 1 of the Lair of Beasts
 13195 | D:6      | Acquired 1184 gold pieces
 13197 | D:6      | Bought the Compendium of the Aerial Cwm for 442 gold pieces
 13203 | D:6      | Learned a level 5 spell: Borgnjor's Vile Clutch
 13208 | D:6      | Learned a level 4 spell: Leda's Liquefaction
 13487 | Lair:1   | Reached skill level 1 in Necromancy
 13488 | Lair:1   | Reached skill level 1 in Earth Magic
 13788 | Lair:1   | Noticed Sonja
 13797 | Lair:1   | Killed Sonja
 13856 | Lair:1   | Identified the +4 chain mail of the Kappa {rElec}
 14073 | Lair:2   | Noticed a skyshark
 14311 | Lair:2   | Noticed a skyshark
 14321 | Lair:2   | Killed a skyshark
 14523 | Lair:2   | Noticed a six-headed hydra
 14591 | Lair:2   | Noticed an anaconda
 14599 | Lair:2   | Killed an anaconda
 14600 | Lair:2   | Reached XP level 12. HP: 69/91 MP: 22/24
 14622 | Lair:2   | Killed a six-headed hydra
 14694 | Lair:2   | Reached skill level 5 in Invocations
 15589 | Lair:2   | Reached skill level 5 in Necromancy
 15782 | Lair:2   | Noticed a dire elephant
 15994 | Lair:2   | Found a staircase to the Swamp.
 15994 | Lair:2   | Noticed a ghost crab
 16044 | Lair:2   | Killed a ghost crab
 16045 | Lair:2   | Reached skill level 10 in Spellcasting
 16045 | Lair:2   | Reached skill level 5 in Earth Magic
 16375 | Lair:2   | Noticed a death yak
 16375 | Lair:2   | Noticed a dire elephant
 16386 | Lair:2   | Killed a death yak
 16391 | Lair:2   | Killed a dire elephant
 16814 | Lair:3   | Noticed a death yak
 16814 | Lair:3   | Noticed a death yak
 16819 | Lair:3   | Noticed a death yak
 16906 | Lair:3   | Noticed a five-headed hydra
 16908 | Lair:3   | Killed a five-headed hydra
 16909 | Lair:3   | Gained mutation: You are strongly in touch with the powers
                  | of death. [Mummy growth]
 16909 | Lair:3   | Reached XP level 13. HP: 71/98 MP: 15/27
 18256 | Lair:3   | Found a hole to the Spider Nest.
 19051 | Lair:4   | Found a shadowy altar of Dithmenos.
 19363 | Lair:5   | Entered Level 5 of the Lair of Beasts
 19715 | Lair:5   | Learned a level 6 spell: Simulacrum
 20078 | Lair:5   | Found a staircase to the Slime Pits.
 20079 | Lair:5   | Found a viscous altar of Jiyva.
 20238 | Lair:5   | Reached skill level 1 in Hexes
 20440 | Lair:5   | Reached XP level 14. HP: 97/106 MP: 6/28
 21784 | D:12     | Identified the +1 scimitar of Truth {antimagic, Fragile
                  | rElec rC+++ Dex+4}
 22162 | D:12     | Noticed an orc warlord
 22354 | D:12     | Killed an orc warlord
 22772 | D:12     | Found Oddesmerph's Island Escapes.
 23302 | D:12     | Identified the +5 spear "Ipuaqank" {flame, MP+9}
 23908 | D:13     | Noticed an ironbound preserver
 23921 | D:13     | Killed an ironbound preserver
 23922 | D:13     | Reached skill level 1 in Evocations
 24135 | D:13     | Reached skill level 10 in Fighting
 24141 | D:13     | HP: 2/110 [gargoyle/+0 mace (11)]
 24174 | D:13     | Reached skill level 10 in Necromancy
 24176 | D:13     | Reached XP level 15. HP: 22/115 MP: 14/30
 24412 | D:13     | Found a gate to the Vaults.
 24437 | D:13     | Reached skill level 5 in Hexes
 24774 | D:13     | Learned a level 1 spell: Apportation
 24993 | Lair:5   | Identified the +6 glaive of Lust {protect, rN+ Int+2}
 25311 | D:14     | You fall into a shaft and drop 1 floor!
 25311 | D:15     | Entered Level 15 of the Dungeon
 25484 | D:14     | Found Jadejum's Weapon Emporium.
 25622 | D:14     | Found an ancient bone altar of Kikubaaqudgha.
 25669 | D:14     | Found a hazy altar of Hepliaklqana.
 25669 | D:14     | Noticed Frances
 25686 | D:14     | Killed Frances
 26537 | D:15     | Reached skill level 5 in Armour
 27294 | D:15     | Noticed Nessos
 27298 | D:15     | Killed Nessos
 27594 | D:15     | Found a staircase to the Depths.
 27902 | Orc:1    | Entered Level 1 of the Orcish Mines
 28030 | D:5      | Killed Tenar's ghost
 28041 | D:5      | Killed AceOff's ghost
 28046 | D:5      | Killed alprk's ghost
 28048 | D:5      | Killed AceOff's ghost
 28223 | Orc:1    | Found Keni Wuz's Weapon Emporium.
 28352 | Orc:1    | Found Inokk's Assorted Antiques.
 28696 | Orc:1    | Found Zunoli Felu's Weapon Emporium.
 28795 | Orc:2    | Entered Level 2 of the Orcish Mines
 29347 | Orc:2    | Found a staircase to the Elven Halls.
 29376 | Orc:2    | Found Qetueruba's Specific Store.
 29382 | Orc:2    | Found Vuahexo's General Store.
 29443 | Orc:2    | Noticed Nergalle
 29882 | Orc:2    | Noticed Saint Roka
 29887 | Orc:2    | Killed Nergalle
 30537 | Orc:2    | Killed Saint Roka
 30538 | Orc:2    | Reached XP level 16. HP: 56/122 MP: 22/32
 30747 | Orc:2    | Found Cucra's Antique Weapon Shop.
 30754 | Orc:2    | Found Yjeim's Antique Armour Shop.
 30756 | Orc:2    | Found Kaazer's General Store.
 30824 | Orc:2    | Found Tugyr's Jewellery Shop.
 31020 | Spider:1 | Entered Level 1 of the Spider Nest
 34199 | Spider:2 | Noticed Arachne
 34218 | Spider:2 | Killed Arachne
 35349 | Spider:2 | Slain by an emperor scorpion

Illustrated notes

Levels and vault maps discovered:
D:1:      spicycebolla_arrival_xxxplode, layout_basic
D:2:      layout_rooms, uniq_jessica
D:3:      layout_basic, serial_shops, shop
D:4:      nicolae_cairo_tiling_large, layout_loops_ring,
          okawaru_ov_weapons_minmay, temple_hall, st_stairs_2
D:5:      layout_basic, gammafunk_ghost_cemetery, grunt_ministairs_5
D:6:      wad_guarded_room, layout_basic, grunt_temple_overflow_opulence,
          mainiacjoe_overflow_catwalk_spiral, serial_shops, shop,
          uniq_blork_the_orc, uniq_duvessa
D:7:      layout_basic, serial_shops, nicolae_square_shop, uniq_prince_ribbit1,
          uniq_jeremiah
D:8:      layout_loops_ring, nicolae_ru_sacrificial_ziggurat,
          mainiacjoe_overflow_alcove_2, uniq_maurice
D:9:      layout_basic, cheibrodos_worm_habitat,
          pdpol_wu_jian_five_deadly_venoms, kennysheep_minor_cross
D:10:     layout_roguey, mainiacjoe_overflow_catwalk, minmay_lair_entry_lava
D:11:     layout_big_octagon
D:12:     minmay_the_grid_3x2 [minmay_the_grid_minigrid_small_alt,
          minmay_the_grid_tiny_cups, minmay_the_grid_armoury,
          minmay_the_grid_minigrid_small, minmay_the_grid_slots,
          minmay_the_grid_prize_inner_circle], layout_irregular_city,
          chequers_serial_rivers_micro_d, nicolae_island_escapes
D:13:     layout_rooms, skrybe_vaults_entry_preservation, nrook_loot_triangle,
          minmay_diced_spiral
D:14:     layout_roguey, nicolae_hepliaklqana_hazy_memory, serial_shops, shop,
          kiku_gazebo_pond_becter, uniq_frances
D:15:     grunt_enter_depths_magical_seal, layout_loops_cross,
          minmay_misc_feat_x, uniq_nessos
Temple:   nicolae_temple_godzebo
Lair:1:   layout_chaotic_city, uniq_sonja
Lair:2:   layout_chaotic_city, nicolae_swamp_entry_spooky,
          nicolae_lair_lakeside_cave
Lair:3:   layout_gridlike, spider_nest_entry_web_field, grunt_megastairs_4
Lair:4:   layout_misc_corridors, basic_altar, grunt_megastairs_2,
          serial_bayou_shore_b
Lair:5:   grunt_lair_end_beastmaster, layout_small_grid, slime_entry_1,
          small_statue_intersection, chequers_serial_rivers_micro_e,
          dpeg_oklob_1
Spider:1: nicolae_spider_obnoxious_hallway
Spider:2: layout_chambers, hellmonk_motheaten_closet, uniq_asterion,
          uniq_arachne
Orc:1:    layout_diamond_mine, serial_shops, nicolae_shop_window_shopping, shop,
          nicolae_shop_tiny_glass
Orc:2:    grunt_orc_cross, layout_caves, nicolae_specific_store,
          nicolae_orc_tapped_out

Skill      XL: |  1  2  3  4  5  6  7  8  9 10 11 12 13 14 15 16 |
---------------+-------------------------------------------------+-----
Spellcasting   | 3 4 5 6 7 8 10 11 12 | 12.0
Fighting       | 3 4 6 7 8 10 | 10.9
Conjurations   | 3 5 |  5.0
Translocations | 1 |  1.0
Polearms       | 3 4 6 10 12 | 12.5
Ice Magic      | 1 2 3 6 |  6.2
Invocations    | 1 3 4 5 7 8 9 |  9.0
Armour         | 1 4 8 |  8.9
Necromancy     | 3 7 8 10 11 | 11.0
Earth Magic    | 3 6 9 |  9.4
Hexes          | 1 4 5 |  5.0
Evocations     | 1 4 |  4.0
Dodging        | |  1.5

Action                     |  1- 3 |  4- 6 |  7- 9 | 10-12 | 13-15 | 16-18 || total
---------------------------+-------+-------+-------+-------+-------+-------++-------
  Melee: Spear             |   145 |     4 |       |       |       |       ||   149
         Halberd           |       |    51 |       |       |       |       ||    51
         Trident           |       |   164 |   425 |   465 |   665 |       ||  1719
         Punch             |       |     1 |     5 |    10 |     6 |       ||    22
         Glaive            |       |       |       |       |   351 |   350 ||   701
  Throw: Dart              |       |       |       |     8 |    13 |     3 ||    24
   Cast: Momentum Strike   |     2 |    12 |    25 |     7 |       |       ||    46
         Kiss of Death     |     1 |       |     1 |       |       |       ||     2
         Hailstorm         |       |       |    42 |    15 |     8 |       ||    65
         Frozen Ramparts   |       |       |     8 |    56 |    56 |    25 ||   145
         Borgnjor's Vile C |       |       |       |       |   153 |    77 ||   230
         Apportation       |       |       |       |       |     1 |       ||     1
         Leda's Liquefacti |       |       |       |       |     1 |       ||     1
 Invoke: Line Pass         |       |       |       |     3 |     4 |     2 ||     9
         Grand Finale      |       |       |       |     2 |     1 |       ||     3
         Stomp             |       |       |       |       |     6 |     9 ||    15
  Evoke: Wand              |       |       |     6 |     7 |     8 |     1 ||    22
         Sack of spiders   |       |       |       |       |     1 |       ||     1
         Phial of floods   |       |       |       |       |       |     1 ||     1
    Use: Scroll            |       |       |    10 |    12 |    12 |     2 ||    36
   Stab: Sleeping          |     1 |     1 |       |       |       |       ||     2
         Paralysed         |       |       |    16 |    50 |   105 |    36 ||   207
 Armour: Leather armour    |    46 |   106 |    53 |    14 |   422 |       ||   641
         Ring mail         |       |       |   196 |   134 |       |       ||   330
         Chain mail        |       |       |       |   230 |   362 |   644 ||  1236
  Dodge: Dodged            |    63 |    98 |   193 |   172 |   370 |   215 ||  1111
  Block: Other             |    26 |    31 |   104 |   100 |   188 |   102 ||   551
         Reflection        |       |       |     4 |     4 |    25 |     1 ||    34

Table legend: (Time is in decaauts)
 A = Elapsed time spent in this place.
 B = Non-inter-level travel time spent in this place.
 C = Inter-level travel time spent in this place.
 D = Time resting spent in this place.
 E = Time spent auto-exploring this place.
 F = Levels seen in this place.
 G = Mean time per level.
                   A        B        C        D        E       F      G
               +--------+--------+--------+--------+--------+-----+--------+
         Total |  35427 |  32661 |   2766 |  10678 |  10756 |  25 | 1417.1 |
       Dungeon |  20324 |  18508 |   1816 |   5381 |   6605 |  15 | 1354.9 |
        Temple |     58 |      2 |     56 |      0 |      0 |   1 |   58.0 |
          Lair |   7896 |   7141 |    755 |   2114 |   2206 |   5 | 1579.2 |
   Spider Nest |   4351 |   4280 |     71 |   2084 |   1139 |   2 | 2175.5 |
  Orcish Mines |   2795 |   2728 |     67 |   1099 |    805 |   2 | 1397.5 |
               +--------+--------+--------+--------+--------+-----+--------+

Top non-repeatable levels by time:
  Lair:2: 3030 daAuts
Spider:1: 2832 daAuts
     D:6: 2394 daAuts
     D:5: 2159 daAuts
   Orc:2: 2082 daAuts
    D:12: 2082 daAuts
    D:15: 1695 daAuts
Spider:2: 1519 daAuts
  Lair:5: 1427 daAuts
  Lair:3: 1408 daAuts
     D:7: 1405 daAuts
     D:9: 1364 daAuts
    D:13: 1267 daAuts
     D:1: 1205 daAuts
     D:4: 1191 daAuts
